Map: Catalyst LE

Players

diabolic

  • Race: Terran Terran
  • Spawn Location: 5:00

CaiShen - Winner!

  • Race: Zerg Zerg
  • League: Master
  • Spawn Location: 11:00

VOD

Have the link to the VOD?

Description

Time

  • Played on: March 19, 2018, 4:51 p.m.
  • Length: 21:28
Show
View Real Time Build Order
Export as new Build Order

diabolic Terran 

Build Orders: Reaper Expand 

Get SALT Encoding   

  12  0:01  SCV  
  13  0:17  Supply Depot  
  13  0:19  SCV  
  14  0:34  SCV, Refinery  
  15  0:42  Barracks  
  15  0:47  SCV  
  16  0:59  SCV  
  18  1:11  SCV  
  18  1:23  SCV  
  19  1:33  Reaper  
  19  1:35  Orbital Command  
  20  1:54  Command Center  
  20  2:06  Factory  
  20  2:08  SCV  
  21  2:16  Barracks Reactor  
  21  2:20  SCV  
  21  2:21  Supply Depot  
  22  2:25  Refinery  
  22  2:44  SCV  
  23  2:57  SCV  
  24  3:04  Cyclone  
  27  3:06  Marine  
  27  3:07  Orbital Command  
  27  3:09  SCV  
  27  3:10  Cyclone  
  32  3:21  SCV  
  32  3:27  Marine  
  33  3:33  SCV x2  
  36  3:37  Refinery  
  36  3:42  Supply Depot  
  36  3:45  SCV  
  37  3:57  Cyclone x2  
  43  4:03  SCV  
  43  4:08  Refinery  
  44  4:13  Command Center  
  44  4:17  SCV  
  45  4:25  SCV  
  45  4:29  Cyclone  
  49  4:31  SCV  
  49  4:37  SCV  
  49  4:38  Engineering Bay  
  51  4:43  SCV  
  52  4:49  Cyclone  
  55  4:53  SCV  
  55  4:55  Supply Depot  
  56  5:01  Cyclone  
  57  5:30  Cyclone  
  57  5:33  Cyclone  
  54  5:40  SCV  
  45  5:50  SCV  
  46  6:00  Supply Depot  
  46  6:02  Cyclone  
  49  6:06  Planetary Fortress  
  49  6:10  SCV  
  50  6:12  SCV  
  50  6:24  Cyclone  
  53  6:33  Marine  
  53  6:34  SCV, Cyclone  
  53  6:38  SCV  
  59  6:40  Factory  
  59  6:43  Factory  
  59  6:46  SCV, Armory  
  60  6:47  SCV  
  60  6:50  SCV  
  62  6:56  Cyclone  
  62  6:59  SCV  
  66  7:02  SCV  
  66  7:03  SCV  
  68  7:09  Cyclone  
  68  7:11  SCV  
  73  7:15  SCV  
  73  7:23  SCV  
  73  7:28  Cyclone  
  77  7:34  Factory Tech Lab  
  77  7:35  Factory Tech Lab  
  77  7:41  Cyclone  
  77  7:42  SCV  
  81  7:44  SCV  
  81  7:46  Missile Turret  
  81  7:49  Refinery  
  82  7:53  Cyclone  
  82  7:56  SCV  
  82  7:57  SCV  
  87  8:00  Cyclone  
  87  8:02  Siege Tank  
  93  8:06  Terran Vehicle Weapons Level 1  
  93  8:10  Starport  
  93  8:14  SCV x2  
  93  8:16  Supply Depot  
  88  8:28  Cyclone  
  91  8:38  Cyclone x2  
  91  8:39  SCV  
  98  8:43  Missile Turret  
  93  8:52  SCV  
  93  8:55  Thor  
  93  8:56  Missile Turret  
  93  8:59  Missile Turret  
  93  9:01  Missile Turret  
  77  9:04  Starport Reactor, Missile Turret  
  77  9:06  Hi-Sec Auto Tracking  
  77  9:09  Missile Turret  
  77  9:10  SCV, Thor  
  77  9:16  Missile Turret  
  84  9:22  SCV  
  76  9:34  SCV  
  76  9:37  SCV, Supply Depot  
  76  9:38  Thor  
  83  9:46  SCV  
  80  10:03  Hellion x2  
  80  10:05  Thor  
  80  10:06  Terran Vehicle Weapons Level 2  
  89  10:20  Command Center  
  89  10:34  Hellion  
  91  10:38  SCV  
  92  10:45  Viking  
  92  10:49  Supply Depot  
  94  10:50  Viking  
  67  11:39  Thor  
  67  11:40  Thor  
  67  11:41  Hellion x2  
  67  11:46  SCV  
  60  11:57  SCV  
  61  12:06  Hellion x2  
  61  12:07  Infernal Pre-Igniter  
  65  12:22  Terran Vehicle And Ship Armor Level 1, Thor x2  
  65  12:27  Hellbat  
  79  12:49  Hellion x2  
  83  12:51  Planetary Fortress  
  83  13:01  Missile Turret  
  83  13:05  Thor  
  83  13:08  Thor  
  95  13:15  Viking  
  97  13:23  Hellion  
  97  13:25  SCV  
  100  13:32  SCV, Armory  
  101  13:35  Refinery  
  101  13:38  Refinery  
  97  13:48  Siege Tank  
  97  13:51  Thor  
  59  14:27  Thor  
  23  15:29  SCV  
Show
View Real Time Build Order
Export as new Build Order

CaiShen Zerg - Winner!

Build Orders: Hatch First 

Get SALT Encoding   

  12  0:01  Drone  
  13  0:13  Overlord  
  13  0:19  Drone  
  14  0:32  Drone  
  14  0:33  Drone  
  16  0:44  Drone  
  17  0:55  Hatchery  
  17  0:57  Drone  
  17  1:06  Extractor, Drone  
  17  1:17  Spawning Pool  
  16  1:21  Drone  
  17  1:27  Drone  
  18  1:37  Drone  
  19  1:48  Overlord  
  19  2:04  Queen  
  19  2:05  Zergling x2  
  19  2:06  Queen  
  19  2:07  Zergling x2  
  19  2:08  Metabolic Boost  
  25  2:16  Drone  
  25  2:21  Drone  
  27  2:23  Zergling x2  
  27  2:28  Drone  
  29  2:41  Drone x2  
  31  2:52  Drone  
  31  2:53  Hatchery  
  31  2:55  Drone  
  32  3:00  Overlord  
  32  3:02  Drone  
  33  3:08  Queen  
  35  3:14  Overlord  
  35  3:23  Queen  
  35  3:24  Zergling x2  
  35  3:25  Zergling x2  
  35  3:26  Zergling x2  
  40  3:33  Drone x3  
  43  3:40  Overlord  
  43  3:46  Drone  
  44  3:56  Roach Warren  
  44  3:57  Extractor, Drone  
  44  3:59  Extractor  
  42  4:04  Drone x3  
  42  4:05  Zergling x6  
  42  4:06  Queen  
  50  4:20  Queen x2  
  54  4:27  Drone  
  54  4:28  Drone x2  
  57  4:35  Drone  
  58  4:53  Overlord x2  
  58  4:54  Overlord x2  
  58  4:59  Lair  
  56  5:11  Roach  
  56  5:12  Roach x5  
  58  5:49  Drone x4  
  62  5:50  Roach x4  
  62  5:55  Zergling x10  
  75  6:01  Glial Reconstitution  
  75  6:05  Spore Crawler  
  69  6:29  Drone x2  
  69  6:30  Drone x4  
  74  6:39  Hatchery  
  73  6:43  Spire  
  73  6:47  Drone  
  73  6:48  Evolution Chamber x2, Extractor  
  73  6:49  Drone x3  
  73  7:12  Overlord x2  
  73  7:13  Overlord x2  
  73  7:20  Zerg Ground Armor Level 1, Zerg Melee Weapons Level 1  
  73  7:24  Drone x6  
  79  7:32  Overlord  
  79  7:33  Overlord x2  
  79  7:34  Hatchery  
  78  7:38  Extractor  
  78  7:40  Drone x2  
  78  7:42  Extractor  
  78  7:46  Drone x2  
  78  7:47  Drone  
  81  8:15  Mutalisk x10  
  91  8:25  Mutalisk x3  
  85  8:29  Mutalisk  
  85  8:31  Drone x2  
  82  8:34  Zerg Flyer Weapons Level 1  
  82  8:36  Zergling x2  
  82  8:38  Drone  
  81  9:06  Drone x10  
  81  9:08  Hatchery  
  90  9:12  Baneling Nest  
  83  9:31  Zergling x2  
  83  9:32  Zergling x12  
  90  9:43  Mutalisk  
  90  9:44  Mutalisk x3  
  98  9:56  Zergling x2, Extractor  
  98  9:57  Zergling x14  
  105  10:09  Centrifical Hooks  
  105  10:11  Hydralisk Den  
  104  10:17  Baneling  
  104  10:18  Baneling x5  
  104  10:33  Roach x6  
  104  10:34  Hatchery  
  104  10:35  Baneling x2  
  117  10:43  Roach x3  
  115  11:09  Roach x10  
  112  11:20  Zergling x10  
  112  11:21  Zergling x8  
  109  11:30  Roach  
  109  11:31  Roach x3  
  103  11:34  Zergling x2  
  88  11:46  Roach x4  
  86  11:47  Queen  
  86  11:48  Extractor  
  82  11:55  Drone x5  
  87  12:04  Grooved Spines  
  87  12:09  Queen  
  89  12:19  Hydralisk x3  
  89  12:20  Hydralisk x4  
  103  12:35  Roach  
  103  12:36  Roach x7  
  119  12:39  Zerg Missile Weapons Level 1  
  119  12:42  Hydralisk x3  
  125  12:56  Roach x3, Infestation Pit  
  125  12:57  Roach x2  
  134  13:00  Ravager x3  
  134  13:04  Zergling x10  
  142  13:15  Muscular Augments  
  142  13:16  Drone x3  
  142  13:17  Drone x2  
  149  13:20  Roach  
  149  13:22  Overlord x3  
  146  13:41  Roach x4  
  146  13:42  Roach x7  
  142  14:04  Roach x12  
  164  14:28  Roach x6  
  164  14:29  Roach x8  
  166  14:33  Hive  
  140  14:47  Extractor  
  135  14:54  Ravager x3, Hatchery  
  135  14:55  Zergling x20, Ravager  
  135  14:59  Zerg Missile Weapons Level 2  
  142  15:10  Extractor  
  142  15:13  Spine Crawler  
  134  15:14  Spine Crawler  
  126  15:21  Zergling x10  
  126  15:22  Zergling x10  
  134  15:41  Hydralisk  
  134  15:42  Hydralisk x6  
  148  15:47  Greater Spire  
  146  15:54  Drone x6  
  146  16:02  Extractor  
  146  16:04  Extractor  
  142  16:08  Corruptor  
  142  16:09  Corruptor x2  
  148  16:20  Queen  
  148  16:21  Queen x2  
  148  16:23  Queen  
  156  16:32  Adrenal Glands  
  156  16:36  Corruptor  
  156  16:37  Corruptor  
  160  17:18  Overlord x6  
  160  17:19  Overlord  
  160  17:20  Zerg Missile Weapons Level 3, Zerg Ground Armor Level 2  
  160  17:51  Corruptor x6  
  160  17:52  Corruptor x3  
  160  17:57  Corruptor  
  180  17:59  Corruptor  
  182  18:52  Hatchery  
  181  19:04  Hydralisk x5  
  181  19:05  Hydralisk x4  
  199  19:24  Extractor  
  199  19:27  Extractor  
  197  21:16  Ultralisk Cavern  
Tags
 
Add a new tag
Caveats
  • Supply blocks, unpowered buildings, or Contaminate may cause inaccurate times.
  • Supply counts are checked every 10 seconds.